 Dungeon Crawl Stone Soup version 0.22.1-2-g9c5b331 (webtiles) character file.

30 video the Sneak (level 3, 0/24 HPs)
             Began as a Vampire Enchanter on Nov 21, 2018.
             Succumbed to an adder's poison
             ... on level 2 of the Dungeon.
             The game lasted 00:05:59 (1068 turns).

video the Sneak (Vampire Enchanter)                 Turns: 1068, Time: 00:06:00

Health: 0/24       AC:  2    Str:  7    XL:     3   Next: 3%
Magic:  1/6        EV: 13    Int: 17    God:
Gold:   34         SH:  0    Dex: 15    Spells: 0/6 levels left

rFire    . . .     SeeInvis +   a - +1 dagger
rCold    . . .     Gourm    .   (no shield)
rNeg     + . .     Faith    .   b - +0 robe
rPois    .         Spirit   .   (no helmet)
rElec    .         Reflect  .   (no cloak)
rCorr    .         Harm     .   (no gloves)
MR       .....                  (no boots)
Stlth    +++.......             (no amulet)
HPRegen  0.08/turn              (no ring)
MPRegen  0.10/turn              (no ring)

@: lethally poisoned (0 -> -7)
A: fangs 3, see invisible, unbreathing
a: Bat Form


You were on level 2 of the Dungeon.
You were not thirsty.

You visited 1 branch of the dungeon, and saw 2 of its levels.

You collected 34 gold pieces.

Inventory:

Hand Weapons
 a - a +1 dagger (weapon)
 i - a cursed -3 short sword
Armour
 b - a +0 robe (worn)
 c - a +0 cloak
Scrolls
 h - a scroll of remove curse
 k - a scroll of identify
Potions
 d - 6 potions of blood
 f - a potion of magic {unknown}
 g - a potion of brilliance
 j - 2 potions of degeneration {unknown}
 l - a potion of heal wounds {unknown}


   Skills:
 + Level 1.1 Short Blades
 + Level 2.3 Dodging
 + Level 5.3 Stealth
 + Level 2.3 Spellcasting
 + Level 5.0 Hexes


You couldn't memorise any spells.
You knew the following spells:

 Your Spells              Type           Power        Failure   Level  Hunger
a - Corona                Hex            ###....      2%          1    #......
b - Ensorcelled Hibernat  Hex/Ice        ##....       11%         2    ###....
c - Confuse               Hex            ###.....     8%          3    ###....

Your spell library contained the following spells:

 Spells                   Type           Power        Failure   Level  Hunger
 Tukima's Dance           Hex            ###.....     8%          3    ###....
 Dazzling Spray           Conj/Hex       ##....       21%         3    ###....


Dungeon Overview and Level Annotations

Branches:
Dungeon (2/15)

Altars:

Annotations:
D:2 Terence


Innate Abilities, Weirdness & Mutations

You have razor-sharp teeth.
You have supernaturally acute eyesight. (SInv)
You can survive without breathing.


Message History

The adder misses you.
You hit the adder but do no damage.
The adder is severely wounded.
The adder bites you.
* * * LOW HITPOINT WARNING * * *
The adder bites you.
* * * LOW HITPOINT WARNING * * *
You are lethally poisoned!
The adder poisons you!
Casting: Ensorcelled Hibernation (safe; 11% risk of failure)
Confirm with . or Enter, or press ? or * to list all spells.
You don't have enough magic to cast that spell.
You hit the adder.
The adder is almost dead.
* * * LOW HITPOINT WARNING * * *
You feel sick. The adder bites you.
* * * LOW HITPOINT WARNING * * *
You barely miss the adder.
The adder is almost dead.
You die...

#.. #.# #..# #.#
#..# #.# #..# #.#
#..# #.# . #..# #.#
.. #).## #.# ...
#..<# #.# ....
#...# #@# .....
#...#######S#......
#...##.............
#...##...........).
#[............#####
#..###..รท.....#
#..# #........#
#..#..........#
...#..........#


You could see an adder.

Vanquished Creatures
  An adder (D:2)
  A dart slug (D:1)
  2 leopard geckos (D:1)
  2 giant cockroaches
  A goblin (D:1)
  2 hobgoblins (D:1)
  2 bats (D:1)
  A frilled lizard (D:2)
  2 kobolds (D:1)
  3 rats
17 creatures vanquished.

Notes
Turn   | Place    | Note
-------+----------+-------------------------------------------
     0 | D:1      | video the Vampire Enchanter began the quest for the Orb.
     0 | D:1      | Reached XP level 1. HP: 13/13 MP: 3/3
   580 | D:1      | Reached XP level 2. HP: 19/19 MP: 5/5
   596 | D:1      | Reached skill level 5 in Hexes
   897 | D:2      | Noticed Terence
   999 | D:2      | Reached skill level 5 in Stealth
  1029 | D:2      | Reached XP level 3. HP: 13/24 MP: 6/6
  1050 | D:2      | Learned a level 2 spell: Ensorcelled Hibernation
  1054 | D:2      | Learned a level 3 spell: Confuse
  1067 | D:2      | HP: 1/24 [adder (4)]
  1068 | D:2      | Succumbed to an adder's poison

Skill      XL: |  1  2 |
---------------+-------+-----
Hexes          | 5 |  5.0
Stealth        | 5 |  5.3
Short Blades   | |  1.1
Dodging        | |  2.3
Spellcasting   | |  2.3

Action                   || total
-------------------------++-------
Melee: Dagger            ||    88
       Bite              ||     9
 Cast: Corona            ||     7
       Ensorcelled Hiber ||     3
  Use: Scroll            ||     4
 Stab: Sleeping          ||     4
  Eat: Corpse            ||     1
Armor: Robe              ||    19
Dodge: Dodged            ||    50
